CALGARY Flames vs PITTSBURGH Penguins

Created - 17 février 2019 at 12:13

Goals
1 2 3 T
CALGARY Flames 1 0 1 2
PITTSBURGH Penguins 2 0 2 4
Shots
1 2 3 T
CALGARY Flames 13 6 4 23
PITTSBURGH Penguins 6 7 15 28

1st period

1. CALGARY Flames , Ryan Suter 10 (Charlie Coyle 22, Wayne Simmonds 20) at 2:36 (PP)
2. PITTSBURGH Penguins , Evgeni Malkin 27 (Patrik Laine 33, Robert Bortuzzo 20) at 11:17
3. PITTSBURGH Penguins , Brian Boyle 7 (Dustin Brown 22, Jake Gardiner 25) at 13:09

Penalties :
Dustin Brown (PIT) for Tripping (Minor) at 2:06, Patrik Laine (PIT) for Holding (Minor) at 3:11, Marc Staal (PIT) for Holding (Minor) at 6:33, Michal Kempny (CGY) for Roughing (Minor) at 8:10, Jordan Nolan (PIT) for Roughing (Minor) at 18:13

2nd period

No Goal

Penalties :
Darnell Nurse (CGY) for Slashing (Minor) at 3:08, Shea Weber (CGY) for Slashing (Minor) at 14:06, Brian Boyle (PIT) for Holding (Minor) at 18:54

3rd period

4. CALGARY Flames , Jason Chimera 4 (Charlie McAvoy 29, Darnell Nurse 21) at 7:31
5. PITTSBURGH Penguins , Johan Larsson 5 (Nail Yakupov 2, Thomas Chabot 12) at 12:10
6. PITTSBURGH Penguins , Brooks Orpik 5 (Patrik Laine 34, Evgeni Malkin 36) at 19:51 (Empty Net)

Penalties :
Shea Weber (CGY) for Tripping (Minor) at 2:07, Marc Staal (PIT) for Holding (Minor) at 4:59, Shea Weber (CGY) for Tripping (Minor) at 9:56, Brian Boyle (PIT) for Fighting (Major) at 12:30, Brendan Perlini (CGY) for Fighting (Major) at 12:30, Darnell Nurse (CGY) for Delaying the game (Minor) at 13:03

Goalie Stats

Ben Bishop (CGY), 24 saves from 27 shots - (0,889), L, 18-21-3, 59:44 minutes
Devan Dubnyk (PIT), 21 saves from 23 shots - (0,913), W, 29-12-3, 60:00 minutes

Players Stats for CALGARY Flames

Player Name              G  A  P  +/- PIM S  H  SB GA TA FO     MP     PP MP  PK MP  
------------------------------------------------------------------------------------
Alex Galchenyuk          0  0  0  -2  0   2  0  0  0  0  11/22  20:44   4:21   3:35 
Boone Jenner             0  0  0   0  0   1  1  0  0  0  15/24  21:08   4:21   6:18 
Brendan Perlini          0  0  0   1  5   2  0  0  0  0  0/0     9:46   0:00   0:00 
Cal Clutterbuck          0  0  0  -1  0   0  1  1  0  0  2/3    18:22   4:21   4:51 
Charlie Coyle            0  1  1  -2  0   2  1  1  0  0  8/20   25:08   5:42   6:56 
Charlie McAvoy           0  1  1  -1  0   0  1  0  0  0  0/0    15:21   0:00   0:49 
Darnell Nurse            0  1  1  -1  4   0  3  3  0  0  0/0    17:17   0:00   3:02 
Dominic Moore            0  0  0   0  0   0  0  0  0  0  1/4     3:57   0:00   1:24 
Jake DeBrusk             0  0  0  -2  0   1  0  0  0  0  0/1    18:12   5:42   0:00 
Jason Chimera            1  0  1   0  0   1  0  0  0  0  0/0     6:16   0:00   0:00 
Kyle Clifford            0  0  0   0  0   0  1  0  0  0  0/0     6:16   0:00   0:00 
Michal Kempny            0  0  0   0  2   3  1  3  0  0  0/0    17:32   4:19   4:26 
Nick Ritchie             0  0  0  -1  0   2  1  0  0  0  0/0     9:10   0:00   0:00 
Ryan Callahan            0  0  0   0  0   2  1  0  0  0  1/2    10:07   0:00   0:00 
Ryan Suter               1  0  1  -2  0   3  2  3  0  0  0/0    28:03   5:43   7:14 
Shea Weber               0  0  0  -2  6   1  2  1  0  0  0/0    23:13   5:43   2:27 
Travis Hamonic           0  0  0   0  0   0  0  1  0  0  0/0    18:28   4:20   5:06 
Wayne Simmonds           0  1  1  -2  0   3  4  0  0  0  3/4    18:59   5:42   0:00 

Players Stats for PITTSBURGH Penguins

Player Name              G  A  P  +/- PIM S  H  SB GA TA FO     MP     PP MP  PK MP  
------------------------------------------------------------------------------------
Alexander Radulov        0  0  0   0  0   1  1  0  0  0  2/2    16:13   6:43   0:00 
Brian Boyle              1  0  1   1  7   1  1  0  0  0  6/12   16:36   4:19   3:05 
Brooks Orpik             1  0  1   2  0   1  7  3  0  0  0/0    21:16   0:00   5:45 
Bryan Little             0  0  0   0  0   3  0  0  0  0  4/7    14:19   4:49   0:00 
Dustin Brown             0  1  1   2  2   4  3  1  0  0  2/4    21:28   4:49   6:23 
Evgeni Malkin            1  1  2   1  0   6  2  0  0  0  13/29  18:17   6:43   0:02 
Jake Gardiner            0  1  1   1  0   1  0  2  0  0  0/0    21:48   5:08   0:14 
Jake Guentzel            0  0  0   0  0   0  0  0  0  0  0/1    12:03   0:30   0:00 
Jesse Puljujarvi         0  0  0   0  0   0  1  0  0  0  1/3     9:30   0:00   0:00 
Johan Larsson            1  0  1   1  0   4  0  0  0  0  11/19  14:46   0:00   7:20 
Jordan Nolan             0  0  0   1  2   0  0  0  0  0  0/0     7:25   0:00   0:00 
Marc Staal               0  0  0  -1  4   0  4  1  0  0  0/0    20:53   5:48   3:04 
Nail Yakupov             0  1  1   1  0   1  0  1  0  0  0/1     7:32   0:00   0:06 
Nate Schmidt             0  0  0   0  0   4  3  3  0  0  0/0    23:07   5:44   5:31 
Patrik Laine             0  2  2   1  2   0  0  0  0  0  0/1    18:14   6:43   0:00 
Robert Bortuzzo          0  1  1   2  0   0  1  1  0  0  0/0    15:23   0:36   4:18 
Tanner Pearson           0  0  0   1  0   1  0  0  0  0  0/1    13:07   0:00   3:10 
Thomas Chabot            0  1  1   2  0   1  0  0  0  0  0/0    17:31   5:48   1:14 

3 Stars

1 - Brooks Orpik (PIT)
2 - Evgeni Malkin (PIT)
3 - Johan Larsson (PIT)

Power Play

CALGARY Flames - 1 on 6 Attempt(s) - 16,67%
PITTSBURGH Penguins - 0 on 6 Attempt(s) - 0,00%

Penalty Kill

CALGARY Flames - 6 on 6 Attempt(s) - 100,00% - Score 0 goal in Penalty Kill
PITTSBURGH Penguins - 5 on 6 Attempt(s) - 83,33% - Score 0 goal in Penalty Kill

Team Stat

CALGARY Flames - Hits : 19 - Faceoff Wins : 41 - Blocked Shots : 13 - Penalty Minutes : 17
PITTSBURGH Penguins - Hits : 23 - Faceoff Wins : 39 - Blocked Shots : 12 - Penalty Minutes : 17

Official

Referees : Unknown
Linesman : Unknown

Game Notes

Dominic Moore is injured at 10:36 of 2nd period (Strained Left Knee)
Brian Boyle and Brendan Perlini fight to a draw at 12:30 of 3rd period
Brooks Orpik has scored in a empty net!

Finance

Level 1 -- Attendance: 4927 (82,12%) -- Ticket Income 492 700 $
Level 2 -- Attendance: 4462 (89,24%) -- Ticket Income 267 720 $
Level 3 -- Attendance: 1972 (98,60%) -- Ticket Income 69 020 $
Level 4 -- Attendance: 4000 (100,00%) -- Ticket Income 80 000 $
Luxury Box -- Attendance: 876 (87,60%) -- Ticket Income 175 200 $
Game was played at the Consol Energy Center.
Total Attendance: 16237 (90,21%)
Total Ticket Income: 1 084 640 $
Other Income: 423 010 $
Total Income: 1 507 650 $

CALGARY Flames

5 vs 5 Forward 
   Center                   Left Wing                Right Wing               Time % Phy DF OF 
 1 Charlie Coyle            Jake DeBrusk             Wayne Simmonds           37     2   1  2  
 2 Alex Galchenyuk          Nick Ritchie             Cal Clutterbuck          33     2   1  2  
 3 Boone Jenner             Brendan Perlini          Ryan Callahan            20     2   1  2  
 4 Dominic Moore            Kyle Clifford            Jason Chimera            10     2   2  1  

5 vs 5 Defense 
   Defense                  Defense                                           Time % Phy DF OF 
 1 Ryan Suter               Shea Weber                                        40     2   2  1  
 2 Charlie McAvoy           Darnell Nurse                                     35     2   2  1  
 3 Travis Hamonic           Michal Kempny                                     20     2   2  1  
 4 Ryan Suter               Shea Weber                                        5      2   2  1  

PowerPlay Forward 
   Center                   Left Wing                Right Wing               Time % Phy DF OF 
 1 Charlie Coyle            Jake DeBrusk             Wayne Simmonds           55     1   0  4  
 2 Alex Galchenyuk          Boone Jenner             Cal Clutterbuck          45     1   0  4  

PowerPlay Defense
   Defense                  Defense                                           Time % Phy DF OF 
 1 Ryan Suter               Shea Weber                                        55     1   1  3  
 2 Michal Kempny            Travis Hamonic                                    45     1   1  3  

Penalty Kill 4 Players Forward 
   Center                   Wing                     Time % Phy DF OF 
 1 Boone Jenner             Charlie Coyle            55     1   4  0  
 2 Dominic Moore            Cal Clutterbuck          45     1   4  0  

Penalty Kill 4 Players Defense
   Defense                  Defense                  Time % Phy DF OF 
 1 Ryan Suter               Shea Weber               55     1   4  0  
 2 Travis Hamonic           Darnell Nurse            45     1   4  0  

Penalty Kill - 3 Players Forward 
   Forward                                           Time % Phy DF OF 
 1 Boone Jenner                                      50     0   5  0  
 2 Charlie Coyle                                     50     0   5  0  

Penalty Kill - 3 Players Defense
   Defense                  Defense                  Time % Phy DF OF 
 1 Ryan Suter               Shea Weber               55     1   4  0  
 2 Travis Hamonic           Michal Kempny            45     1   4  0  

4 vs 4 Forward 
   Center                   Wing                     Time % Phy DF OF 
 1 Wayne Simmonds           Boone Jenner             55     2   1  2  
 2 Alex Galchenyuk          Charlie Coyle            45     1   1  3  

4 vs 4 Defense
   Defense                  Defense                  Time % Phy DF OF 
 1 Ryan Suter               Shea Weber               55     1   2  2  
 2 Charlie McAvoy           Travis Hamonic           45     1   2  2  

Last Minutes Offensive
   Center                   Left Wing                Right Wing               Defense                  Defense                  
   Charlie Coyle            Jake DeBrusk             Wayne Simmonds           Ryan Suter               Shea Weber               

Last Minutes Defensive
   Center                   Left Wing                Right Wing               Defense                  Defense                  
   Charlie Coyle            Boone Jenner             Wayne Simmonds           Ryan Suter               Shea Weber               

Goaltenders
Starting : Ben Bishop               
Backup : Jacob Markstrom          

Extra Forwards
Normal : Alex Galchenyuk, Wayne Simmonds, Brendan Perlini - PP : Nick Ritchie, Brendan Perlini - PK : Charlie Coyle
Extra Defensemen
Normal : Ryan Suter, Shea Weber, Travis Hamonic - PP : Travis Hamonic - PK : Ryan Suter, Michal Kempny
Penalty Shots
Wayne Simmonds, Boone Jenner, Alex Galchenyuk, Brendan Perlini, Charlie Coyle

PITTSBURGH Penguins

5 vs 5 Forward 
   Center                   Left Wing                Right Wing               Time % Phy DF OF 
 1 Evgeni Malkin            Jake Guentzel            Patrik Laine             33     1   2  2  
 2 Bryan Little             Jesse Puljujarvi         Alexander Radulov        30     1   2  2  
 3 Brian Boyle              Tanner Pearson           Dustin Brown             27     1   2  2  
 4 Johan Larsson            Nail Yakupov             Jordan Nolan             10     1   2  2  

5 vs 5 Defense 
   Defense                  Defense                                           Time % Phy DF OF 
 1 Brooks Orpik             Jake Gardiner                                     40     1   2  2  
 2 Marc Staal               Nate Schmidt                                      30     1   2  2  
 3 Robert Bortuzzo          Thomas Chabot                                     20     1   2  2  
 4 Brooks Orpik             Jake Gardiner                                     10     1   2  2  

PowerPlay Forward 
   Center                   Left Wing                Right Wing               Time % Phy DF OF 
 1 Evgeni Malkin            Patrik Laine             Alexander Radulov        60     1   2  2  
 2 Bryan Little             Brian Boyle              Dustin Brown             40     1   2  2  

PowerPlay Defense
   Defense                  Defense                                           Time % Phy DF OF 
 1 Nate Schmidt             Jake Gardiner                                     60     1   2  2  
 2 Marc Staal               Thomas Chabot                                     40     1   2  2  

Penalty Kill 4 Players Forward 
   Center                   Wing                     Time % Phy DF OF 
 1 Johan Larsson            Dustin Brown             60     1   2  2  
 2 Brian Boyle              Tanner Pearson           40     1   2  2  

Penalty Kill 4 Players Defense
   Defense                  Defense                  Time % Phy DF OF 
 1 Brooks Orpik             Nate Schmidt             60     1   2  2  
 2 Marc Staal               Robert Bortuzzo          40     1   2  2  

Penalty Kill - 3 Players Forward 
   Forward                                           Time % Phy DF OF 
 1 Brian Boyle                                       60     1   2  2  
 2 Bryan Little                                      40     1   2  2  

Penalty Kill - 3 Players Defense
   Defense                  Defense                  Time % Phy DF OF 
 1 Brooks Orpik             Nate Schmidt             60     1   2  2  
 2 Marc Staal               Robert Bortuzzo          40     1   2  2  

4 vs 4 Forward 
   Center                   Wing                     Time % Phy DF OF 
 1 Evgeni Malkin            Patrik Laine             60     1   2  2  
 2 Dustin Brown             Alexander Radulov        40     1   2  2  

4 vs 4 Defense
   Defense                  Defense                  Time % Phy DF OF 
 1 Brooks Orpik             Jake Gardiner            60     1   2  2  
 2 Marc Staal               Nate Schmidt             40     1   2  2  

Last Minutes Offensive
   Center                   Left Wing                Right Wing               Defense                  Defense                  
   Evgeni Malkin            Patrik Laine             Dustin Brown             Brooks Orpik             Jake Gardiner            

Last Minutes Defensive
   Center                   Left Wing                Right Wing               Defense                  Defense                  
   Evgeni Malkin            Patrik Laine             Dustin Brown             Brooks Orpik             Jake Gardiner            

Goaltenders
Starting : Devan Dubnyk             
Backup : Christopher Gibson       

Extra Forwards
Normal : Jake Guentzel, Tanner Pearson, Brian Boyle - PP : Jake Guentzel, Tanner Pearson - PK : Brian Boyle
Extra Defensemen
Normal : Robert Bortuzzo, Thomas Chabot, Marc Staal - PP : Robert Bortuzzo - PK : Thomas Chabot, Marc Staal
Penalty Shots
Evgeni Malkin, Patrik Laine, Dustin Brown, Alexander Radulov, Bryan Little


% Time on Ice - CALGARY Flames

Lines # - Real PCT - Wanted PCT - Time Play
Normal Forward
1 - 32% - 37% - 12:03
2 - 24% - 33% - 9:10
3 - 27% - 20% - 10:07
4 - 17% - 10% - 6:16
Normal Defense
1 - 39% - 40% - 14:32
2 - 38% - 35% - 14:17
3 - 23% - 20% - 8:47
4 - 0% - 5% - 0:00
PP Forward
1 - 57% - 55% - 5:42
2 - 43% - 45% - 4:21
PP Defense
1 - 57% - 55% - 5:43
2 - 43% - 45% - 4:20
PK Forward
1 - 58% - 55% - 6:41
2 - 42% - 45% - 4:51
PK Defense
1 - 56% - 55% - 6:26
2 - 44% - 45% - 5:06
PK3 Forward
1 - 0% - 50%
2 - 0% - 50%
PK3 Defense
1 - 0% - 55%
2 - 0% - 45%
44 Forward
1 - 100% - 55% - 0:22
2 - 0% - 45% - 0:00
44 Defense
1 - 100% - 55% - 0:22
2 - 0% - 45% - 0:00
Last Minute Offensive  - 0:27
Last Minute Defensive  - 0:00
Total
Forward - 60:00
Defense - 60:00

% Time on Ice - PITTSBURGH Penguins

Lines # - Real PCT - Wanted PCT - Time Play
Normal Forward
1 - 28% - 33% - 10:18
2 - 26% - 30% - 9:30
3 - 27% - 27% - 9:57
4 - 20% - 10% - 7:26
Normal Defense
1 - 39% - 40% - 14:37
2 - 31% - 30% - 11:30
3 - 28% - 20% - 10:29
4 - 2% - 10% - 0:35
PP Forward
1 - 58% - 60% - 6:43
2 - 42% - 40% - 4:49
PP Defense
1 - 50% - 60% - 5:44
2 - 50% - 40% - 5:48
PK Forward
1 - 68% - 60% - 6:53
2 - 32% - 40% - 3:10
PK Defense
1 - 53% - 60% - 5:18
2 - 47% - 40% - 4:45
PK3 Forward
1 - 0% - 60%
2 - 0% - 40%
PK3 Defense
1 - 0% - 60%
2 - 0% - 40%
44 Forward
1 - 100% - 60% - 0:22
2 - 0% - 40% - 0:00
44 Defense
1 - 0% - 60% - 0:00
2 - 100% - 40% - 0:22
Last Minute Offensive  - 0:00
Last Minute Defensive  - 0:52
Total
Forward - 60:00
Defense - 60:00

Play-by-Play

1st period


0:01 of 1st period - Evgeni Malkin wins face-off versus Wayne Simmonds in neutral zone.
1:19 of 1st period - Alexander Radulov is hit by Nick Ritchie and loses puck.
1:33 of 1st period - Shot by Alex Galchenyuk.
1:33 of 1st period - Stopped by Devan Dubnyk without a rebound.
1:34 of 1st period - Brian Boyle wins face-off versus Boone Jenner in PITTSBURGH Penguins zone.
1:51 of 1st period - Shot by Tanner Pearson.
1:51 of 1st period - Shot Misses the Net.
2:03 of 1st period - Shot by Brian Boyle.
2:03 of 1st period - Shot Blocked by Michal Kempny.
2:06 of 1st period - Minor Penalty to Dustin Brown for Tripping.
2:07 of 1st period - Charlie Coyle wins face-off versus Nail Yakupov in PITTSBURGH Penguins zone.
2:12 of 1st period - Shot by Wayne Simmonds.
2:12 of 1st period - Stopped by Devan Dubnyk without a rebound.
2:13 of 1st period - Johan Larsson wins face-off versus Charlie Coyle in PITTSBURGH Penguins zone.
2:13 of 1st period - Johan Larsson is hit by Wayne Simmonds.
2:25 of 1st period - Marc Staal is hit by Wayne Simmonds and loses puck.
2:36 of 1st period - Shot by Ryan Suter.
2:36 of 1st period - Goal by Ryan Suter - CALGARY Flames : 1 - PITTSBURGH Penguins : 0.
2:37 of 1st period - Evgeni Malkin wins face-off versus Dominic Moore in neutral zone.
3:11 of 1st period - Minor Penalty to Patrik Laine for Holding.
3:12 of 1st period - Johan Larsson wins face-off versus Alex Galchenyuk in PITTSBURGH Penguins zone.
3:39 of 1st period - Shot by Michal Kempny.
3:39 of 1st period - Stopped by Devan Dubnyk without a rebound.
3:40 of 1st period - Johan Larsson wins face-off versus Charlie Coyle in PITTSBURGH Penguins zone.
3:49 of 1st period - Shot by Ryan Suter.
3:49 of 1st period - Stopped by Devan Dubnyk without a rebound.
3:50 of 1st period - Wayne Simmonds wins face-off versus Johan Larsson in PITTSBURGH Penguins zone.
4:15 of 1st period - Shot by Charlie Coyle.
4:15 of 1st period - Shot Blocked by Brooks Orpik.
4:17 of 1st period - Shot by Shea Weber.
4:17 of 1st period - Shot Misses the Net.
4:50 of 1st period - Travis Hamonic is hit by Brooks Orpik and loses puck.
5:00 of 1st period - Cal Clutterbuck is hit by Brooks Orpik and loses puck.
5:39 of 1st period - Shot by Dominic Moore.
5:39 of 1st period - Shot Misses the Net.
5:41 of 1st period - Shot by Darnell Nurse.
5:41 of 1st period - Shot Misses the Net.
6:20 of 1st period - Shot by Brendan Perlini.
6:20 of 1st period - Stopped by Devan Dubnyk without a rebound.
6:21 of 1st period - Cal Clutterbuck wins face-off versus Tanner Pearson in PITTSBURGH Penguins zone.
6:21 of 1st period - Travis Hamonic is hit by Nate Schmidt and loses puck.
6:31 of 1st period - Alex Galchenyuk is hit by Marc Staal and loses puck.
6:33 of 1st period - Minor Penalty to Marc Staal for Holding.
6:34 of 1st period - Johan Larsson wins face-off versus Charlie Coyle in PITTSBURGH Penguins zone.
7:10 of 1st period - Shot by Tanner Pearson.
7:10 of 1st period - Stopped by Ben Bishop with a rebound.
7:12 of 1st period - Shot by Brian Boyle.
7:12 of 1st period - Shot Blocked by Ryan Suter.
7:39 of 1st period - Off-side.
7:40 of 1st period - Alex Galchenyuk wins face-off versus Johan Larsson in neutral zone.
8:10 of 1st period - Minor Penalty to Michal Kempny for Roughing.
8:11 of 1st period - Wayne Simmonds wins face-off versus Evgeni Malkin in CALGARY Flames zone.
8:55 of 1st period - Shot by Dustin Brown.
8:55 of 1st period - Deflect By Bryan Little.
8:55 of 1st period - Stopped by Ben Bishop without a rebound.
8:56 of 1st period - Evgeni Malkin wins face-off versus Cal Clutterbuck in CALGARY Flames zone.
9:13 of 1st period - Shot by Jake Gardiner.
9:13 of 1st period - Shot Misses the Net.
10:06 of 1st period - Shea Weber is hit by Dustin Brown and loses puck.
10:14 of 1st period - Icing by Ryan Suter.
10:15 of 1st period - Alex Galchenyuk wins face-off versus Johan Larsson in CALGARY Flames zone.
11:15 of 1st period - Shot by Patrik Laine.
11:15 of 1st period - Shot Misses the Net.
11:17 of 1st period - Shot by Evgeni Malkin.
11:17 of 1st period - Goal by Evgeni Malkin - CALGARY Flames : 1 - PITTSBURGH Penguins : 1.
11:18 of 1st period - Brian Boyle wins face-off versus Charlie Coyle in neutral zone.
11:45 of 1st period - Shot by Tanner Pearson.
11:45 of 1st period - Deflect By Dustin Brown.
11:45 of 1st period - Stopped by Ben Bishop without a rebound.
11:46 of 1st period - Evgeni Malkin wins face-off versus Boone Jenner in CALGARY Flames zone.
11:51 of 1st period - Shot by Jake Guentzel.
11:51 of 1st period - Shot Misses the Net.
11:59 of 1st period - Travis Hamonic is hit by Evgeni Malkin and loses puck.
12:17 of 1st period - Shot by Patrik Laine.
12:17 of 1st period - Shot Hit the Post.
13:07 of 1st period - Shot by Brian Boyle.
13:07 of 1st period - Shot Blocked by Darnell Nurse.
13:09 of 1st period - Shot by Brian Boyle.
13:09 of 1st period - Goal by Brian Boyle - CALGARY Flames : 1 - PITTSBURGH Penguins : 2.
13:10 of 1st period - Bryan Little wins face-off versus Alex Galchenyuk in neutral zone.
13:14 of 1st period - Alexander Radulov is hit by Ryan Suter and loses puck.
13:34 of 1st period - Icing by Nate Schmidt.
13:35 of 1st period - Boone Jenner wins face-off versus Bryan Little in PITTSBURGH Penguins zone.
14:16 of 1st period - Icing by Travis Hamonic.
14:17 of 1st period - Brian Boyle wins face-off versus Boone Jenner in CALGARY Flames zone.
14:31 of 1st period - Icing by Brooks Orpik.
14:32 of 1st period - Brian Boyle wins face-off versus Charlie Coyle in PITTSBURGH Penguins zone.
14:47 of 1st period - Shot by Dustin Brown.
14:47 of 1st period - Stopped by Ben Bishop without a rebound.
14:48 of 1st period - Evgeni Malkin wins face-off versus Alex Galchenyuk in CALGARY Flames zone.
15:00 of 1st period - Icing by Cal Clutterbuck.
15:01 of 1st period - Alex Galchenyuk wins face-off versus Dustin Brown in CALGARY Flames zone.
15:01 of 1st period - Alex Galchenyuk is hit by Dustin Brown.
15:06 of 1st period - Off-side.
15:07 of 1st period - Evgeni Malkin wins face-off versus Jake DeBrusk in neutral zone.
15:31 of 1st period - Shot by Jake DeBrusk.
15:31 of 1st period - Stopped by Devan Dubnyk with a rebound.
15:40 of 1st period - Off-side.
15:41 of 1st period - Brian Boyle wins face-off versus Alex Galchenyuk in neutral zone.
16:12 of 1st period - Shot by Nick Ritchie.
16:12 of 1st period - Stopped by Devan Dubnyk with a rebound.
16:14 of 1st period - Shot by Darnell Nurse.
16:14 of 1st period - Shot Blocked by Nate Schmidt.
16:36 of 1st period - Shot by Boone Jenner.
16:36 of 1st period - Stopped by Devan Dubnyk without a rebound.
16:37 of 1st period - Evgeni Malkin wins face-off versus Charlie Coyle in PITTSBURGH Penguins zone.
16:37 of 1st period - Patrik Laine is hit by Wayne Simmonds and loses puck.
16:59 of 1st period - Jake Guentzel is hit by Shea Weber and loses puck.
17:04 of 1st period - Shot by Patrik Laine.
17:04 of 1st period - Deflect By Evgeni Malkin.
17:04 of 1st period - Shot Misses the Net.
17:58 of 1st period - Shot by Bryan Little.
17:58 of 1st period - Deflect By Alexander Radulov.
17:58 of 1st period - Shot Misses the Net.
18:02 of 1st period - Shot by Alexander Radulov.
18:02 of 1st period - Shot Blocked by Ryan Suter.
18:13 of 1st period - Minor Penalty to Jordan Nolan for Roughing.
18:14 of 1st period - Johan Larsson wins face-off versus Alex Galchenyuk in PITTSBURGH Penguins zone.
18:14 of 1st period - Johan Larsson is hit by Cal Clutterbuck.
18:23 of 1st period - Icing by Michal Kempny.
18:24 of 1st period - Alex Galchenyuk wins face-off versus Johan Larsson in CALGARY Flames zone.
18:35 of 1st period - Shot by Boone Jenner.
18:35 of 1st period - Shot Misses the Net.
18:47 of 1st period - Shot by Alex Galchenyuk.
18:47 of 1st period - Stopped by Devan Dubnyk with a rebound.
18:55 of 1st period - Shot by Michal Kempny.
18:55 of 1st period - Stopped by Devan Dubnyk without a rebound.
18:56 of 1st period - Alex Galchenyuk wins face-off versus Johan Larsson in PITTSBURGH Penguins zone.
18:59 of 1st period - Shot by Boone Jenner.
18:59 of 1st period - Shot Misses the Net.
19:01 of 1st period - Shot by Michal Kempny.
19:01 of 1st period - Stopped by Devan Dubnyk with a rebound.
19:03 of 1st period - Shot by Michal Kempny.
19:03 of 1st period - Shot Blocked by Marc Staal.
19:49 of 1st period - Shot by Wayne Simmonds.
19:49 of 1st period - Shot Blocked by Brooks Orpik.
19:59 of 1st period - Shot by Shea Weber.
19:59 of 1st period - Stopped by Devan Dubnyk without a rebound.
Goals for this period are 1 for CALGARY Flames vs 2 for PITTSBURGH Penguins.
Shots for this period are 13 for CALGARY Flames vs 6 for PITTSBURGH Penguins.

2nd period


0:01 of 2nd period - Charlie Coyle wins face-off versus Johan Larsson in neutral zone.
0:14 of 2nd period - Wayne Simmonds is hit by Robert Bortuzzo.
1:42 of 2nd period - Ryan Suter is hit by Alexander Radulov and loses puck.
2:30 of 2nd period - Shot by Dustin Brown.
2:30 of 2nd period - Stopped by Ben Bishop without a rebound.
2:31 of 2nd period - Johan Larsson wins face-off versus Dominic Moore in CALGARY Flames zone.
2:31 of 2nd period - Nate Schmidt is hit by Charlie McAvoy and loses puck.
2:36 of 2nd period - Shot by Nail Yakupov.
2:36 of 2nd period - Shot Blocked by Darnell Nurse.
2:42 of 2nd period - Shot by Johan Larsson.
2:42 of 2nd period - Stopped by Ben Bishop without a rebound.
2:43 of 2nd period - Alex Galchenyuk wins face-off versus Brian Boyle in CALGARY Flames zone.
2:43 of 2nd period - Shea Weber is hit by Brian Boyle.
2:51 of 2nd period - Shot by Nick Ritchie.
2:51 of 2nd period - Stopped by Devan Dubnyk without a rebound.
2:52 of 2nd period - Charlie Coyle wins face-off versus Brian Boyle in PITTSBURGH Penguins zone.
2:52 of 2nd period - Wayne Simmonds is hit by Marc Staal and loses puck.
3:07 of 2nd period - Tanner Pearson is hit by Darnell Nurse.
3:08 of 2nd period - Minor Penalty to Darnell Nurse for Slashing.
3:09 of 2nd period - Boone Jenner wins face-off versus Evgeni Malkin in CALGARY Flames zone.
3:40 of 2nd period - Shot by Evgeni Malkin.
3:40 of 2nd period - Shot Misses the Net.
4:39 of 2nd period - Icing by Thomas Chabot.
4:40 of 2nd period - Boone Jenner wins face-off versus Brian Boyle in PITTSBURGH Penguins zone.
5:04 of 2nd period - Off-side.
5:05 of 2nd period - Dominic Moore wins face-off versus Evgeni Malkin in neutral zone.
5:38 of 2nd period - Shot by Alex Galchenyuk.
5:38 of 2nd period - Shot Blocked by Nail Yakupov.
5:44 of 2nd period - Shot by Cal Clutterbuck.
5:44 of 2nd period - Shot Misses the Net.
5:58 of 2nd period - Brooks Orpik is hit by Kyle Clifford and loses puck.
6:15 of 2nd period - Shot by Dominic Moore.
6:15 of 2nd period - Shot Misses the Net.
6:17 of 2nd period - Shot by Shea Weber.
6:17 of 2nd period - Shot Misses the Net.
6:19 of 2nd period - Shot by Jason Chimera.
6:19 of 2nd period - Shot Blocked by Brooks Orpik.
6:21 of 2nd period - Shot by Ryan Suter.
6:21 of 2nd period - Shot Misses the Net.
6:23 of 2nd period - Shot by Dominic Moore.
6:23 of 2nd period - Shot Misses the Net.
6:25 of 2nd period - Shot by Jason Chimera.
6:25 of 2nd period - Shot Misses the Net.
6:44 of 2nd period - Jake Gardiner is hit by Charlie Coyle.
7:12 of 2nd period - Bryan Little is hit by Michal Kempny and loses puck.
7:29 of 2nd period - Shot by Bryan Little.
7:29 of 2nd period - Stopped by Ben Bishop without a rebound.
7:30 of 2nd period - Boone Jenner wins face-off versus Evgeni Malkin in CALGARY Flames zone.
7:55 of 2nd period - Shot by Evgeni Malkin.
7:55 of 2nd period - Stopped by Ben Bishop with a rebound.
7:57 of 2nd period - Shot by Jake Guentzel.
7:57 of 2nd period - Shot Misses the Net.
8:05 of 2nd period - Shot by Patrik Laine.
8:05 of 2nd period - Deflect By Evgeni Malkin.
8:05 of 2nd period - Stopped by Ben Bishop without a rebound.
8:06 of 2nd period - Cal Clutterbuck wins face-off versus Brian Boyle in CALGARY Flames zone.
8:31 of 2nd period - Shot by Dustin Brown.
8:31 of 2nd period - Shot Blocked by Shea Weber.
8:52 of 2nd period - Alex Galchenyuk is hit by Marc Staal and loses puck.
9:08 of 2nd period - Charlie Coyle is hit by Marc Staal and loses puck.
10:08 of 2nd period - Shot by Charlie McAvoy.
10:08 of 2nd period - Shot Blocked by Nate Schmidt.
10:24 of 2nd period - Shot by Ryan Callahan.
10:24 of 2nd period - Stopped by Devan Dubnyk without a rebound.
10:25 of 2nd period - Evgeni Malkin wins face-off versus Dominic Moore in PITTSBURGH Penguins zone.
10:35 of 2nd period - Dominic Moore is hit by Brooks Orpik and loses puck.
10:36 of 2nd period - Dominic Moore from CALGARY Flames is injured at 10:36 of 2nd period (Strained Left Knee).
10:37 of 2nd period - Alex Galchenyuk wins face-off versus Jesse Puljujarvi in PITTSBURGH Penguins zone.
11:54 of 2nd period - Shot by Charlie Coyle.
11:54 of 2nd period - Stopped by Devan Dubnyk without a rebound.
11:55 of 2nd period - Johan Larsson wins face-off versus Ryan Callahan in PITTSBURGH Penguins zone.
11:55 of 2nd period - Johan Larsson is hit by Boone Jenner.
12:08 of 2nd period - Travis Hamonic is hit by Brooks Orpik and loses puck.
12:11 of 2nd period - Shot by Brendan Perlini.
12:11 of 2nd period - Deflect By Ryan Callahan.
12:11 of 2nd period - Shot Misses the Net.
12:13 of 2nd period - Shot by Brendan Perlini.
12:13 of 2nd period - Stopped by Devan Dubnyk with a rebound.
13:04 of 2nd period - Charlie Coyle is hit by Brooks Orpik and loses puck.
14:06 of 2nd period - Minor Penalty to Shea Weber for Slashing.
14:07 of 2nd period - Boone Jenner wins face-off versus Bryan Little in CALGARY Flames zone.
14:32 of 2nd period - Shot by Marc Staal.
14:32 of 2nd period - Shot Misses the Net.
14:34 of 2nd period - Shot by Marc Staal.
14:34 of 2nd period - Shot Misses the Net.
14:36 of 2nd period - Shot by Brian Boyle.
14:36 of 2nd period - Shot Blocked by Travis Hamonic.
14:38 of 2nd period - Shot by Brian Boyle.
14:38 of 2nd period - Shot Blocked by Darnell Nurse.
15:10 of 2nd period - Off-side.
15:11 of 2nd period - Evgeni Malkin wins face-off versus Alex Galchenyuk in neutral zone.
15:20 of 2nd period - Shot by Robert Bortuzzo.
15:20 of 2nd period - Shot Blocked by Michal Kempny.
15:22 of 2nd period - Shot by Nate Schmidt.
15:22 of 2nd period - Stopped by Ben Bishop without a rebound.
15:23 of 2nd period - Dustin Brown wins face-off versus Boone Jenner in CALGARY Flames zone.
15:34 of 2nd period - Shot by Dustin Brown.
15:34 of 2nd period - Shot Blocked by Michal Kempny.
15:44 of 2nd period - Shot by Dustin Brown.
15:44 of 2nd period - Shot Blocked by Cal Clutterbuck.
15:46 of 2nd period - Shot by Marc Staal.
15:46 of 2nd period - Shot Misses the Net.
15:48 of 2nd period - Shot by Dustin Brown.
15:48 of 2nd period - Stopped by Ben Bishop without a rebound.
15:49 of 2nd period - Alex Galchenyuk wins face-off versus Evgeni Malkin in CALGARY Flames zone.
17:06 of 2nd period - Shot by Boone Jenner.
17:06 of 2nd period - Shot Blocked by Jake Gardiner.
17:11 of 2nd period - Boone Jenner is hit by Brooks Orpik and loses puck.
17:24 of 2nd period - Shot by Ryan Callahan.
17:24 of 2nd period - Stopped by Devan Dubnyk without a rebound.
17:25 of 2nd period - Charlie Coyle wins face-off versus Evgeni Malkin in PITTSBURGH Penguins zone.
18:45 of 2nd period - Nick Ritchie is hit by Nate Schmidt.
18:50 of 2nd period - Dustin Brown is hit by Shea Weber and loses puck.
18:54 of 2nd period - Minor Penalty to Brian Boyle for Holding.
18:55 of 2nd period - Johan Larsson wins face-off versus Alex Galchenyuk in PITTSBURGH Penguins zone.
19:13 of 2nd period - Shot by Boone Jenner.
19:13 of 2nd period - Shot Misses the Net.
19:15 of 2nd period - Shot by Shea Weber.
19:15 of 2nd period - Shot Hit the Post.
19:17 of 2nd period - Shot by Ryan Suter.
19:17 of 2nd period - Shot Blocked by Dustin Brown.
19:19 of 2nd period - Shot by Ryan Suter.
19:19 of 2nd period - Stopped by Devan Dubnyk with a rebound.
19:21 of 2nd period - Shot by Ryan Suter.
19:21 of 2nd period - Shot Misses the Net.
19:34 of 2nd period - Icing by Travis Hamonic.
19:35 of 2nd period - Charlie Coyle wins face-off versus Johan Larsson in CALGARY Flames zone.
Goals for this period are 0 for CALGARY Flames vs 0 for PITTSBURGH Penguins.
Shots for this period are 6 for CALGARY Flames vs 7 for PITTSBURGH Penguins.

3rd period


0:01 of 3rd period - Johan Larsson wins face-off versus Charlie Coyle in neutral zone.
1:29 of 3rd period - Icing by Darnell Nurse.
1:30 of 3rd period - Alex Galchenyuk wins face-off versus Evgeni Malkin in CALGARY Flames zone.
1:34 of 3rd period - Darnell Nurse is hit by Nate Schmidt.
1:36 of 3rd period - Shot by Jason Chimera.
1:36 of 3rd period - Shot Misses the Net.
1:44 of 3rd period - Icing by Darnell Nurse.
1:45 of 3rd period - Alex Galchenyuk wins face-off versus Brian Boyle in CALGARY Flames zone.
2:07 of 3rd period - Minor Penalty to Shea Weber for Tripping.
2:08 of 3rd period - Evgeni Malkin wins face-off versus Boone Jenner in CALGARY Flames zone.
2:11 of 3rd period - Shot by Alexander Radulov.
2:11 of 3rd period - Deflect By Evgeni Malkin.
2:11 of 3rd period - Stopped by Ben Bishop without a rebound.
2:12 of 3rd period - Boone Jenner wins face-off versus Evgeni Malkin in CALGARY Flames zone.
2:25 of 3rd period - Shot by Boone Jenner.
2:25 of 3rd period - Shot Misses the Net.
2:39 of 3rd period - Icing by Patrik Laine.
2:40 of 3rd period - Charlie Coyle wins face-off versus Evgeni Malkin in PITTSBURGH Penguins zone.
3:51 of 3rd period - Shot by Bryan Little.
3:51 of 3rd period - Shot Blocked by Ryan Suter.
3:53 of 3rd period - Shot by Marc Staal.
3:53 of 3rd period - Shot Misses the Net.
4:13 of 3rd period - Shot by Johan Larsson.
4:13 of 3rd period - Stopped by Ben Bishop without a rebound.
4:14 of 3rd period - Boone Jenner wins face-off versus Johan Larsson in CALGARY Flames zone.
4:44 of 3rd period - Icing by Michal Kempny.
4:45 of 3rd period - Boone Jenner wins face-off versus Patrik Laine in CALGARY Flames zone.
4:45 of 3rd period - Boone Jenner is hit by Evgeni Malkin.
4:54 of 3rd period - Icing by Nate Schmidt.
4:55 of 3rd period - Wayne Simmonds wins face-off versus Evgeni Malkin in PITTSBURGH Penguins zone.
4:59 of 3rd period - Minor Penalty to Marc Staal for Holding.
5:00 of 3rd period - Johan Larsson wins face-off versus Charlie Coyle in PITTSBURGH Penguins zone.
5:00 of 3rd period - Nate Schmidt is hit by Wayne Simmonds and loses puck.
5:43 of 3rd period - Shot by Ryan Suter.
5:43 of 3rd period - Deflect By Charlie Coyle.
5:43 of 3rd period - Shot Blocked by Robert Bortuzzo.
6:03 of 3rd period - Shot by Alex Galchenyuk.
6:03 of 3rd period - Shot Blocked by Nate Schmidt.
6:05 of 3rd period - Shot by Boone Jenner.
6:05 of 3rd period - Shot Misses the Net.
6:49 of 3rd period - Shot by Robert Bortuzzo.
6:49 of 3rd period - Deflect By Tanner Pearson.
6:49 of 3rd period - Shot Hit the Post.
7:15 of 3rd period - Shot by Jason Chimera.
7:15 of 3rd period - Shot Misses the Net.
7:31 of 3rd period - Shot by Jason Chimera.
7:31 of 3rd period - Goal by Jason Chimera - CALGARY Flames : 2 - PITTSBURGH Penguins : 2.
7:32 of 3rd period - Alex Galchenyuk wins face-off versus Jesse Puljujarvi in neutral zone.
7:32 of 3rd period - Alex Galchenyuk is hit by Jesse Puljujarvi.
8:24 of 3rd period - Icing by Michal Kempny.
8:25 of 3rd period - Ryan Callahan wins face-off versus Evgeni Malkin in CALGARY Flames zone.
8:50 of 3rd period - Shot by Boone Jenner.
8:50 of 3rd period - Shot Blocked by Jake Gardiner.
9:49 of 3rd period - Shot by Nate Schmidt.
9:49 of 3rd period - Stopped by Ben Bishop without a rebound.
9:50 of 3rd period - Bryan Little wins face-off versus Alex Galchenyuk in CALGARY Flames zone.
9:56 of 3rd period - Minor Penalty to Shea Weber for Tripping.
9:57 of 3rd period - Evgeni Malkin wins face-off versus Boone Jenner in CALGARY Flames zone.
10:05 of 3rd period - Shot by Alexander Radulov.
10:05 of 3rd period - Shot Misses the Net.
10:07 of 3rd period - Shot by Nate Schmidt.
10:07 of 3rd period - Stopped by Ben Bishop without a rebound.
10:08 of 3rd period - Boone Jenner wins face-off versus Dustin Brown in CALGARY Flames zone.
10:08 of 3rd period - Boone Jenner is hit by Dustin Brown.
10:42 of 3rd period - Shot by Thomas Chabot.
10:42 of 3rd period - Stopped by Ben Bishop without a rebound.
10:43 of 3rd period - Evgeni Malkin wins face-off versus Boone Jenner in CALGARY Flames zone.
10:44 of 3rd period - Shot by Jake Gardiner.
10:44 of 3rd period - Stopped by Ben Bishop without a rebound.
10:45 of 3rd period - Boone Jenner wins face-off versus Evgeni Malkin in CALGARY Flames zone.
10:56 of 3rd period - Shot by Evgeni Malkin.
10:56 of 3rd period - Stopped by Ben Bishop without a rebound.
10:57 of 3rd period - Boone Jenner wins face-off versus Evgeni Malkin in CALGARY Flames zone.
11:19 of 3rd period - Shot by Nate Schmidt.
11:19 of 3rd period - Stopped by Ben Bishop with a rebound.
11:44 of 3rd period - Icing by Evgeni Malkin.
11:45 of 3rd period - Alexander Radulov wins face-off versus Boone Jenner in PITTSBURGH Penguins zone.
12:08 of 3rd period - Shot by Johan Larsson.
12:08 of 3rd period - Deflect By Nail Yakupov.
12:08 of 3rd period - Shot Misses the Net.
12:10 of 3rd period - Shot by Nail Yakupov.
12:10 of 3rd period - Deflect By Johan Larsson.
12:10 of 3rd period - Goal by Johan Larsson - CALGARY Flames : 2 - PITTSBURGH Penguins : 3.
12:11 of 3rd period - Boone Jenner wins face-off versus Brian Boyle in neutral zone.
12:30 of 3rd period - Brian Boyle and Brendan Perlini fight to a draw.
12:30 of 3rd period - Penalty to Brian Boyle for Fighting.
12:30 of 3rd period - Penalty to Brendan Perlini for Fighting.
12:31 of 3rd period - Johan Larsson wins face-off versus Charlie Coyle in CALGARY Flames zone.
13:00 of 3rd period - Shot by Johan Larsson.
13:00 of 3rd period - Stopped by Ben Bishop with a rebound.
13:03 of 3rd period - Minor Penalty to Darnell Nurse for Delaying the game.
13:04 of 3rd period - Alexander Radulov wins face-off versus Charlie Coyle in CALGARY Flames zone.
13:11 of 3rd period - Shot by Alexander Radulov.
13:11 of 3rd period - Stopped by Ben Bishop without a rebound.
13:12 of 3rd period - Boone Jenner wins face-off versus Evgeni Malkin in CALGARY Flames zone.
13:26 of 3rd period - Shot by Evgeni Malkin.
13:26 of 3rd period - Stopped by Ben Bishop without a rebound.
13:27 of 3rd period - Boone Jenner wins face-off versus Bryan Little in CALGARY Flames zone.
13:35 of 3rd period - Dustin Brown is hit by Ryan Suter and loses puck.
13:42 of 3rd period - Shot by Bryan Little.
13:42 of 3rd period - Stopped by Ben Bishop without a rebound.
13:43 of 3rd period - Boone Jenner wins face-off versus Evgeni Malkin in CALGARY Flames zone.
15:20 of 3rd period - Shot by Nail Yakupov.
15:20 of 3rd period - Stopped by Ben Bishop without a rebound.
15:21 of 3rd period - Dustin Brown wins face-off versus Alex Galchenyuk in CALGARY Flames zone.
16:36 of 3rd period - Nail Yakupov is hit by Darnell Nurse and loses puck.
16:53 of 3rd period - Shot by Charlie Coyle.
16:53 of 3rd period - Stopped by Devan Dubnyk without a rebound.
16:54 of 3rd period - Jesse Puljujarvi wins face-off versus Alex Galchenyuk in PITTSBURGH Penguins zone.
17:14 of 3rd period - Shot by Alex Galchenyuk.
17:14 of 3rd period - Shot Misses the Net.
17:36 of 3rd period - Icing by Thomas Chabot.
17:37 of 3rd period - Bryan Little wins face-off versus Charlie Coyle in PITTSBURGH Penguins zone.
17:49 of 3rd period - Icing by Charlie McAvoy.
17:50 of 3rd period - Charlie Coyle wins face-off versus Jake Guentzel in CALGARY Flames zone.
17:54 of 3rd period - Charlie McAvoy is hit by Brooks Orpik and loses puck.
18:07 of 3rd period - Shot by Wayne Simmonds.
18:07 of 3rd period - Stopped by Devan Dubnyk without a rebound.
18:08 of 3rd period - Brian Boyle wins face-off versus Boone Jenner in PITTSBURGH Penguins zone.
18:08 of 3rd period - Brian Boyle is hit by Ryan Callahan.
19:31 of 3rd period - Off-side.
19:32 of 3rd period - Charlie Coyle wins face-off versus Evgeni Malkin in neutral zone.
19:35 of 3rd period - CALGARY Flames, Ben Bishop is pulled from the net.
19:39 of 3rd period - Shot by Wayne Simmonds.
19:39 of 3rd period - Stopped by Devan Dubnyk without a rebound.
19:40 of 3rd period - Evgeni Malkin wins face-off versus Charlie Coyle in PITTSBURGH Penguins zone.
19:49 of 3rd period - Shot by Evgeni Malkin.
19:49 of 3rd period - Deflect By Patrik Laine.
19:49 of 3rd period - Shot Blocked by Charlie Coyle.
19:51 of 3rd period - Shot by Brooks Orpik.
19:51 of 3rd period - Goal by Brooks Orpik - CALGARY Flames : 2 - PITTSBURGH Penguins : 4.
19:51 of 3rd period - Ben Bishop from CALGARY Flames was sent back in the game.
19:52 of 3rd period - Bryan Little wins face-off versus Alex Galchenyuk in neutral zone.
19:56 of 3rd period - Alexander Radulov is hit by Darnell Nurse and loses puck.
Goals for this period are 1 for CALGARY Flames vs 2 for PITTSBURGH Penguins.
Shots for this period are 4 for CALGARY Flames vs 15 for PITTSBURGH Penguins.